 Dungeon Crawl Stone Soup version 0.27-a0-103-g6cd7b45605 (webtiles) character file.

Game seed: 1385226718849466324

23 vortex the Firebug (level 2, 20/20 HPs)
             Began as a Hill Orc Fire Elementalist on Jan 2, 2021.
             Quit the game on level 1 of the Dungeon on Jan 24, 2021.
             The game lasted 00:23:19 (1094 turns).

vortex the Firebug (Hill Orc Fire Elementalist)     Turns: 1094, Time: 00:23:19

Health: 20/20      AC:  5    Str: 10    XL:     2   Next: 95%
Magic:  4/4        EV:  8    Int: 15    God:
Gold:   23         SH:  0    Dex: 11    Spells: 3/4 levels left

rFire    . . .     SeeInvis .   c - +0 mace
rCold    . . .     Faith    .   (no shield)
rNeg     . . .     Spirit   .   i - -1 scale mail (curse)
rPois    .         Reflect  .   (no helmet)
rElec    .         Harm     .   (no cloak)
rCorr    .         Rampage  .   (no gloves)
Will     .....                  (no boots)
Stlth    +.........             f - amulet of magic regeneration
HPRegen  0.06/turn              (no ring)
MPRegen  0.34/turn              (no ring)

@: no status effects
A: no striking features
a: no special abilities


You were on level 1 of the Dungeon.
You visited 1 branch of the dungeon, and saw 1 of its levels.

You collected 23 gold pieces.

Inventory:

Hand Weapons
 c - a +0 mace (weapon)
Armour
 i - a cursed -1 scale mail (worn)
Jewellery
 f - an amulet of magic regeneration (around neck)
Scrolls
 a - a scroll of teleportation {unknown}
 d - a scroll of magic mapping {unknown}
 g - a scroll of remove curse {unknown}
Potions
 e - a potion of resistance {unknown}


   Skills:
 - Level 1.5 Dodging
 + Level 2.9 Stealth
 - Level 1.5 Spellcasting
 - Level 1.0 Conjurations
 - Level 3.2 Fire Magic


You had 3 spell levels left.
You knew the following spells:

 Your Spells              Type           Power        Failure   Level
a - Foxfire               Conj/Fire      28%          56%         1

Your spell library contained the following spells:

 Spells                   Type           Power        Failure   Level
 Conjure Flame            Conj/Fire      7%           91%         3
 Inner Flame              Hex/Fire       6%           95%         3
 Sticky Flame             Conj/Fire      7%           100%        4
 Fireball                 Conj/Fire      3%           100%        5


Dungeon Overview and Level Annotations

Branches:
Dungeon (1/15)

Altars:
Nemelex Xobeh


Message History

Confirm with . or Enter, or press ? or * to list all spells.
Casting: Foxfire (safe; 56% risk of failure)
Confirm with . or Enter, or press ? or * to list all spells.
The foxfire hits the giant cockroach.
The giant cockroach is moderately wounded.
The foxfire hits the giant cockroach.
The giant cockroach is almost dead.
The foxfire hits the giant cockroach.
You kill the giant cockroach!
Magic restored.
c - a mace Equip [mace 0.57] instead of [+0 whip 0.55] ? [Y]es or [N]o only, please.
Equip [mace 0.57] instead of [+0 whip 0.55] ?
c - a +0 mace (weapon)
Drop [+0 whip 0.55]?
Drop what? 8/52 slots (_ for help) (? for menu, Esc to quit)
You drop a +0 whip.
A dart slug is nearby!
Are you sure you want to abandon this character and quit the game? (Confirm with "yes".)

....♣≈$..≈P≈≈≈ #.#
#...... ...♣♣≈≈...≈≈≈≈P♣
#.# #).....
...♣≈≈....≈≈≈≈≈≈ #.#
#......
..♣♣≈≈≈..≈≈≈≈≈≈≈♣#####.#
#...... ..
♣♣w≈..≈≈≈≈P≈P♣......#
####+#. ..
♣§P≈..wP≈≈P≈♣.######
#.#. PP≈....≈≈≈P≈♣.#
#.#. ..≈≈≈≈≈♣.# #.#.
♣≈@.# #.#. .≈≈≈....##
#.#. .≈♣..#### #..[ ....
###. ... #. .. #. # #.
#. #.


You could see a dart slug.

Vanquished Creatures
  4 bats (D:1)
  2 giant cockroaches (D:1)
  2 goblins (D:1)
  4 hobgoblins (D:1)
  3 kobolds (D:1)
  2 frilled lizards (D:1)
  3 rats (D:1)
20 creatures vanquished.

Vanquished Creatures (others)
  74 foxfires (D:1)
  10 plants (D:1)
84 creatures vanquished.

Grand Total: 104 creatures vanquished

Notes
Turn   | Place    | Note
-------+----------+-------------------------------------------
     0 | D:1      | vortex the Hill Orc Fire Elementalist began the quest for
                  | the Orb.
     0 | D:1      | Reached XP level 1. HP: 14/14 MP: 3/3
    47 | D:1      | Found a sparkling altar of Nemelex Xobeh.
   285 | D:1      | Reached XP level 2. HP: 20/20 MP: 0/4
   738 | D:1      | Upgraded the game from 0.27-a0-13-g87abb2d9eb to
                  | 0.27-a0-34-gc18c9092ac
   748 | D:1      | Upgraded the game from 0.27-a0-34-gc18c9092ac to
                  | 0.27-a0-103-g6cd7b45605
  1094 | D:1      | Quit the game

Illustrated notes

Levels and vault maps discovered:
D:1:      sevenhm_arrival_forest_fort_small_6, layout_basic,
          serial_bayou_ford_a, nemelex_xobeh_ov_fountains_minmay

Skill      XL: |  1 |
---------------+----+-----
Stealth        | 2 |  2.9
Dodging        | |  1.5
Spellcasting   | |  1.5
Conjurations   | |  1.0
Fire Magic     | |  3.2

Action                   || total
-------------------------++-------
Melee: Unarmed           ||     1
       Whip              ||     2
 Cast: Foxfire           ||    43
Armor: Robe              ||     3
       Ring mail         ||     1
Dodge: Dodged            ||     2

Table legend: (Time is in decaauts)
 A = Elapsed time spent in this place.
 B = Non-inter-level travel time spent in this place.
 C = Inter-level travel time spent in this place.
 D = Time resting spent in this place.
 E = Time spent auto-exploring this place.
 F = Levels seen in this place.
 G = Mean time per level.
                   A        B        C        D        E       F      G
               +--------+--------+--------+--------+--------+-----+--------+
         Total |   1093 |   1053 |     40 |      0 |    920 |   1 | 1093.0 |
       Dungeon |   1093 |   1053 |     40 |      0 |    920 |   1 | 1093.0 |
               +--------+--------+--------+--------+--------+-----+--------+

Top non-repeatable levels by time:
     D:1: 1093 daAuts
